 Dungeon Crawl Stone Soup version 0.31-a0-182-gc5ef74bbde (webtiles) character file.

Game seed: 2073946722102348767

910 qw the Chopper (level 8, -2/48 HPs)
             Began as a Gargoyle Fighter on June 20, 2023.
             Slain by a gnoll sergeant
             ... wielding a +1 spear of venom
              (4 damage)
             ... on level 5 of the Dungeon.
             The game lasted 00:02:07 (3630 turns).

qw the Chopper (Gargoyle Fighter)                   Turns: 3630, Time: 00:02:08

Health: -2/48      AC: 17    Str: 22    XL:     8   Next: 8%
Magic:  8/8        EV: 21    Int:  9    God:
Gold:   249        SH:  4    Dex:  9    Spells: 7/7 levels left

rFire   . . .        Y - +3 war axe (freeze)
rCold   . . .        c - +0 buckler
rNeg    + + .        f - +0 plate armour
rPois   inf          (no helmet)
rElec   +            (no cloak)
rCorr   .            (no gloves)
SInv    .            (no boots)
Will    .....        j - amulet of the acrobat Stlth
                     m - ring of positive energy
HPRegen 0.28/turn    (no ring)
MPRegen 0.11/turn

%: acrobat
@: about to teleport, acrobatic
A: sickness immunity, AC +5, negative energy resistance 1, electricity
resistance, torment resistance 1, petrification resistance
a: no special abilities


You were on level 5 of the Dungeon.
You visited 1 branch of the dungeon, and saw 5 of its levels.

You collected 249 gold pieces.


Innate Abilities, Weirdness & Mutations

You are immune to sickness and miasma.
Your stone body is resilient. (AC +5)
You are immune to poison.
You resist negative energy. (rN+)
You are resistant to electric shocks. (rElec)
You are resistant to unholy torment.
You are immune to petrification.


   Skills:
 + Level 4.9 Fighting
 - Level 7.0 Axes
 - Level 3.1 Throwing
 - Level 3.2 Armour
 - Level 3.2 Shields


You had 7 spell levels left.
You didn't know any spells.
Your spell library was empty.

Inventory:

Hand Weapons
 n - a +0 flail
 Y - a +3 war axe of freezing (weapon)
Missiles
 h - 3 boomerangs
 p - 3 javelins (quivered)
Armour
 c - a +0 buckler (worn)
 f - a +0 plate armour (worn)
 r - a +0 helmet
 s - a +0 pair of boots
Jewellery
 j - an amulet of the acrobat (around neck)
 m - a ring of positive energy (left hand)
Scrolls
 b - a scroll of identify
 e - a scroll of teleportation
 q - a scroll of revelation {unknown}
Potions
 a - a potion of resistance {unknown}
 d - 3 potions of might
 g - 3 potions of attraction
 i - a potion of magic {unknown}
 k - 2 potions of berserk rage {unknown}
 l - a potion of haste {unknown}
 o - a potion of curing {unknown}

Dungeon Overview and Level Annotations

Branches:
Dungeon (5/15)
 Temple: D:4-7

Altars:
Fedhas

Shops:
D:4 :


Message History

You kill the gnoll!
The gnoll barely misses you.
The gnoll hits you from afar with a +0 spear.
The gnoll sergeant closely misses you. You block the gnoll's attack.
The gnoll misses you.
Enter note:
Enter note:
Enter note:
Enter note:
Enter note:
Enter note: You slash the gnoll!
You freeze the gnoll.
You kill the gnoll!
You barely miss the gnoll.
The gnoll sergeant completely misses you.
The gnoll barely misses you.
The gnoll hits you with a +1 spear of venom.
You slash the gnoll! You freeze the gnoll.
The gnoll is almost dead.
You block the gnoll sergeant's attack.
The gnoll hits you from afar with a +0 spear.
The gnoll hits you with a +1 spear of venom.
The gnoll sergeant hits you from afar with a +1 spear of venom!
The gnoll hits you from afar with a +0 spear.
The gnoll barely misses you.
You barely miss the gnoll.
The gnoll is almost dead.
The gnoll sergeant hits you but does no damage.
The gnoll hits you but does no damage.
The gnoll hits you with a +1 spear of venom!
3628 ||| READING 2 scrolls of teleportation.
As you read the scroll of teleportation, it crumbles to dust.
You feel strangely unstable. You block the gnoll sergeant's attack.
The gnoll hits you but does no damage. x2
You slash the gnoll! You freeze the gnoll.
You kill the gnoll!
The gnoll sergeant hits you from afar with a +1 spear of venom.
The gnoll hits you from afar with a +0 spear.
The gnoll sergeant hits you with a +1 spear of venom.
You die...

###### ......
......##### ..).......#
#.....##)##############
#....g@................
#...(g))#.#############
#.....###.# ###... ..#
#### #### ##### ....#
#####


You could see a gnoll sergeant and a gnoll.

Vanquished Creatures
  Grinder (D:5)
  A black bear (D:5)
  An ogre (D:5)
  A phantom (D:5)
  A hound (D:5)
  A gnoll bouda (D:4)
  An orc priest (D:3)
  A sleepcap (D:5)
  Terence (D:2)
  3 orc wizards
  7 gnolls
  7 adders
  3 worms (D:2)
  3 dart slugs
  17 orcs
  7 endoplasms
  A giant cockroach (D:2)
  9 goblins
  9 hobgoblins
  7 jackals
  5 kobolds
  2 quokkas
  5 ball pythons
  6 bats
  4 frilled lizards
  3 rats (D:1)
107 creatures vanquished.

Notes
Turn   | Place    | Note
-------+----------+-------------------------------------------
     0 | D:1      | qw the Gargoyle Fighter began the quest for the Orb.
     0 | D:1      | Reached XP level 1. HP: 14/14 MP: 1/1
     0 | D:1      | 0 ||| qw: Version: 0.3-a-9-g12657ce
     0 | D:1      | 0 ||| qw: Game counter: 1394
     0 | D:1      | 0 ||| qw: Always use a shield: true
     0 | D:1      | 0 ||| qw: God list: Okawaru
     0 | D:1      | 0 ||| qw: Allow faded altars: false
     0 | D:1      | 0 ||| qw: Do Orc after D:15 true
     0 | D:1      | 0 ||| qw: Do second Lair branch before Depths: true
     0 | D:1      | 0 ||| qw: Lair rune preference: random
     0 | D:1      | 0 ||| qw: Plans: Normal, Zot:1-4, Slime:5, God:TSO, Crypt,
                  | Tomb, Abyss, Pan, Hells, Win
     0 | D:1      | 0 ||| PLANNING D:1-11
    29 | D:1      | Reached skill level 2 in Axes
   109 | D:1      | Found a faded altar of an unknown god.
   187 | D:1      | Reached XP level 2. HP: 19/19 MP: 2/2
   250 | D:1      | 250 ||| FLEEEEING.
   251 | D:1      | 251 ||| FLEEEEING.
   252 | D:1      | 252 ||| FLEEEEING.
   253 | D:1      | 253 ||| FLEEEEING.
   254 | D:1      | 254 ||| FLEEEEING.
   255 | D:1      | 255 ||| FLEEEEING.
   595 | D:1      | 595 ||| READING scroll labelled POACAU JANTEYG.
   596 | D:1      | 596 ||| READING scroll labelled EJIGAG IDURUWU.
   597 | D:1      | 597 ||| READING scroll labelled ELIBA QAONE.
   610 | D:1      | 610 ||| READING scroll labelled NERAEF HIAM.
   611 | D:1      | 611 ||| DRINKING 2 amethyst potions.
   612 | D:1      | 612 ||| DROPPING potion of invisibility.
   672 | D:2      | Reached skill level 3 in Axes
   678 | D:2      | Noticed Terence
   679 | D:2      | 679 ||| Stepping ~*~*~tactically~*~*~ (stealth).
   690 | D:2      | HP: 2/19 [Terence/+0 mace (5)]
   691 | D:2      | Killed Terence
   692 | D:2      | Reached XP level 3. HP: 3/23 MP: 3/3
   695 | D:2      | HP: 2/23 [adder (2)]
   827 | D:2      | Reached XP level 4. HP: 28/28 MP: 4/4
   827 | D:2      | 827 ||| DROPPING +0 club.
   875 | D:2      | 875 ||| Stepping ~*~*~tactically~*~*~ (hiding).
  1043 | D:2      | 1043 ||| Stepping ~*~*~tactically~*~*~ (stealth).
  1048 | D:2      | Reached skill level 4 in Axes
  1299 | D:2      | Reached XP level 5. HP: 27/32 MP: 5/5
  1543 | D:2      | 1543 ||| UPGRADING to +0 plate armour.
  1553 | D:2      | 1553 ||| DROPPING +0 scale mail.
  1554 | D:2      | 1554 ||| DROPPING amulet of magic regeneration.
  1555 | D:2      | 1555 ||| READING 2 scrolls labelled LOSOXUU RUASAEM.
  1560 | D:2      | 1560 ||| READING scroll labelled FEUNIR LIPLISH.
  1561 | D:2      | 1561 ||| READING scroll labelled GIBUUSHR OR RIPS.
  1713 | D:3      | Reached skill level 5 in Axes
  1807 | D:3      | 1807 ||| Stepping ~*~*~tactically~*~*~ (stealth).
  1815 | D:3      | 1815 ||| Stepping ~*~*~tactically~*~*~ (stealth).
  1844 | D:3      | 1844 ||| Stepping ~*~*~tactically~*~*~ (stealth).
  1851 | D:3      | 1851 ||| Stepping ~*~*~tactically~*~*~ (stealth).
  1853 | D:3      | 1853 ||| Stepping ~*~*~tactically~*~*~ (hiding).
  1855 | D:3      | 1855 ||| Stepping ~*~*~tactically~*~*~ (hiding).
  1856 | D:3      | 1856 ||| Stepping ~*~*~tactically~*~*~ (hiding).
  2022 | D:3      | 2022 ||| SWAPPING to +2 war axe of freezing.
  2023 | D:3      | 2023 ||| DROPPING +0 mace.
  2024 | D:3      | 2024 ||| DROPPING +1 war axe.
  2061 | D:3      | 2061 ||| Stepping ~*~*~tactically~*~*~ (stealth).
  2206 | D:3      | 2206 ||| Stepping ~*~*~tactically~*~*~ (stealth).
  2208 | D:3      | 2208 ||| Stepping ~*~*~tactically~*~*~ (stealth).
  2210 | D:3      | 2210 ||| Stepping ~*~*~tactically~*~*~ (hiding).
  2237 | D:3      | 2237 ||| UPGRADING to amulet of the acrobat.
  2242 | D:3      | 2242 ||| READING scroll labelled LENINT YGHUOSK.
  2243 | D:3      | 2243 ||| DRINKING 2 bubbling inky potions.
  2268 | D:4      | Reached XP level 6. HP: 37/38 MP: 6/6
  2294 | D:4      | 2294 ||| FLEEEEING.
  2297 | D:4      | 2297 ||| FLEEEEING.
  2298 | D:4      | 2298 ||| FLEEEEING.
  2299 | D:4      | 2299 ||| FLEEEEING.
  2363 | D:4      | 2363 ||| Stepping ~*~*~tactically~*~*~ (stealth).
  2367 | D:4      | 2367 ||| Stepping ~*~*~tactically~*~*~ (stealth).
  2385 | D:4      | 2385 ||| Stepping ~*~*~tactically~*~*~ (stealth).
  2482 | D:4      | 2482 ||| Stepping ~*~*~tactically~*~*~ (hiding).
  2536 | D:4      | 2536 ||| FLEEEEING.
  2537 | D:4      | 2537 ||| FLEEEEING.
  2538 | D:4      | 2538 ||| FLEEEEING.
  2539 | D:4      | 2539 ||| FLEEEEING.
  2540 | D:4      | 2540 ||| FLEEEEING.
  2541 | D:4      | 2541 ||| FLEEEEING.
  2542 | D:4      | 2542 ||| FLEEEEING.
  2543 | D:4      | 2543 ||| FLEEEEING.
  2544 | D:4      | 2544 ||| FLEEEEING.
  2545 | D:4      | 2545 ||| FLEEEEING.
  2547 | D:4      | 2547 ||| FLEEEEING.
  2548 | D:4      | 2548 ||| FLEEEEING.
  2549 | D:4      | 2549 ||| FLEEEEING.
  2550 | D:4      | 2550 ||| FLEEEEING.
  2557 | D:4      | 2557 ||| STAIRDANCE
  2597 | D:3      | 2597 ||| READING scroll labelled QEEZYF SOCS.
  2652 | D:4      | 2652 ||| Stepping ~*~*~tactically~*~*~ (stealth).
  2681 | D:4      | 2681 ||| FLEEEEING.
  2682 | D:4      | 2682 ||| FLEEEEING.
  2722 | D:4      | 2722 ||| READING scroll of enchant weapon.
  2722 | D:4      | 2722 ||| ENCHANTING +2 war axe of freezing.
  2790 | D:4      | Found Gicibeaf's Self-Improvement Boutique.
  2927 | D:4      | Found a blossoming altar of Fedhas.
  2934 | D:4      | 2934 ||| UPGRADING to ring of positive energy.
  2935 | D:4      | 2935 ||| READING scroll labelled QIUMMIPI JENNI.
  2947 | D:5      | Entered Level 5 of the Dungeon
  2959 | D:5      | Noticed Grinder
  2959 | D:5      | Paralysed by Grinder for 4 turns
  2963 | D:5      | 2963 ||| Stepping ~*~*~tactically~*~*~ (hiding).
  2966 | D:5      | 2966 ||| Stepping ~*~*~tactically~*~*~ (hiding).
  2976 | D:5      | Paralysed by Grinder for 5 turns
  2981 | D:5      | Killed Grinder
  2982 | D:5      | Reached skill level 3 in Throwing
  2982 | D:5      | Reached XP level 7. HP: 27/43 MP: 7/7
  3064 | D:5      | Reached skill level 6 in Axes
  3155 | D:5      | 3155 ||| Stepping ~*~*~tactically~*~*~ (stealth).
  3157 | D:5      | 3157 ||| Stepping ~*~*~tactically~*~*~ (hiding).
  3162 | D:5      | 3162 ||| Stepping ~*~*~tactically~*~*~ (hiding).
  3164 | D:5      | 3164 ||| Stepping ~*~*~tactically~*~*~ (hiding).
  3165 | D:5      | 3165 ||| Stepping ~*~*~tactically~*~*~ (hiding).
  3412 | D:5      | 3412 ||| Stepping ~*~*~tactically~*~*~ (water).
  3431 | D:5      | Reached skill level 7 in Axes
  3472 | D:5      | Reached XP level 8. HP: 48/48 MP: 8/8
  3627 | D:5      | HP: 8/48 [gnoll/+1 spear of venom[a gnoll sergeant] (7)]
  3628 | D:5      | 3628 ||| READING 2 scrolls of teleportation.
  3629 | D:5      | HP: 1/48 [gnoll/+0 spear[a gnoll sergeant] (5)]
  3630 | D:5      | Slain by a gnoll sergeant

Levels and vault maps discovered:
D:1:      heliophobic_arrival_henge, layout_rooms,
          dreamdust_ecumenical_altar_angels_and_demons
D:2:      layout_loops_ring, uniq_terence
D:3:      layout_rooms
D:4:      layout_cave_pools, kennysheep_mini_moat, nicolae_shop_self_help
D:5:      layout_basic, serial_bayou_pond_c, uniq_grinder

Skill      XL: |  1  2  3  4  5  6  7 |
---------------+----------------------+-----
Axes           | 2 3 4 5 7 |  7.0
Fighting       | 4 |  4.9
Throwing       | 3 |  3.1
Armour         | |  3.2
Shields        | |  3.2

Action                     |  1- 3 |  4- 6 |  7- 9 || total
---------------------------+-------+-------+-------++-------
  Melee: War axe           |    71 |   174 |    51 ||   296
  Throw: Boomerang         |       |    48 |       ||    48
         Javelin           |       |       |     9 ||     9
    Use: Scroll            |     4 |     7 |     1 ||    12
         Potion            |     1 |     1 |       ||     2
 Armour: Scale mail        |    34 |    29 |       ||    63
         Plate armour      |       |    56 |    45 ||   101
  Dodge: Dodged            |    27 |    56 |    14 ||    97
  Block: Buckler           |    18 |    36 |     9 ||    63

Table legend:
 A = Non-vault XP
 B = Vault XP
 C = Vault XP percentage of total XP
 D = Non-vault monster count
 E = Vault monster count
 F = Vault count percentage of total count
                 A         B        C        D         E       F
            +---------+---------+-------+---------+---------+-------
      Total |     983 |     317 |  24.4 |     105 |       2 |   1.9
            +---------+---------+-------+---------+---------+-------
        D:1 |      25 |       0 |   0.0 |      16 |       0 |   0.0
        D:2 |     106 |      36 |  25.4 |      25 |       1 |   3.8
        D:3 |     114 |       0 |   0.0 |      17 |       0 |   0.0
        D:4 |     214 |       0 |   0.0 |      31 |       0 |   0.0
        D:5 |     524 |     281 |  34.9 |      16 |       1 |   5.9
            +---------+---------+-------+---------+---------+-------
